Map: 카이로스 정션 - 래더

Players

TSGSolar (Solar)

  • Race: Zerg Zerg
  • League: Master
  • Spawn Location: 5:00

Zest - Winner!

  • Race: Protoss Protoss
  • League: Master
  • Spawn Location: 11:00

VOD

Have the link to the VOD?

Description

Time

  • Played on: Aug. 8, 2019, 8:10 a.m.
  • Length: 8:37
Show
View Real Time Build Order
Export as new Build Order

TSGSolar Zerg 

Build Orders: Hatch First 

Get SALT Encoding   

  12  0:02  Drone  
  13  0:12  Overlord  
  13  0:17  Drone  
  14  0:31  Drone  
  15  0:41  Drone  
  16  0:47  Hatchery  
  15  0:51  Drone  
  15  0:55  Drone  
  17  0:58  Drone  
  18  1:10  Extractor  
  17  1:13  Spawning Pool  
  17  1:17  Drone  
  17  1:20  Drone  
  18  1:27  Drone  
  19  1:39  Drone  
  20  1:49  Hatchery  
  20  1:51  Drone  
  20  2:01  Queen  
  20  2:04  Drone  
  20  2:07  Drone  
  24  2:13  Metabolic Boost  
  24  2:17  Drone  
  24  2:21  Overlord  
  25  2:29  Queen  
  27  2:32  Zergling x2  
  28  2:39  Zergling x2  
  28  2:41  Queen  
  31  2:44  Drone  
  31  2:46  Drone  
  31  2:49  Drone  
  31  2:50  Drone  
  35  2:56  Drone  
  36  3:02  Queen  
  36  3:03  Drone  
  39  3:06  Overlord  
  39  3:10  Drone  
  39  3:11  Drone  
  41  3:13  Drone  
  42  3:25  Overlord, Drone  
  43  3:27  Drone x3  
  46  3:36  Drone x4  
  50  3:41  Lair  
  50  3:45  Roach Warren, Drone x2  
  50  3:47  Drone  
  52  3:50  Zergling x2  
  52  3:51  Zergling x2  
  52  3:55  Spore Crawler  
  53  3:56  Drone x2  
  53  3:57  Extractor  
  53  4:01  Overlord  
  54  4:06  Spore Crawler, Drone x2  
  54  4:08  Extractor, Zergling x2  
  54  4:09  Zergling x2  
  55  4:13  Overlord  
  55  4:15  Overlord  
  55  4:18  Zergling x2  
  56  4:24  Roach x3  
  56  4:28  Roach  
  56  4:29  Overlord  
  64  4:32  Drone  
  64  4:33  Roach  
  64  4:35  Drone  
  64  4:36  Drone  
  64  4:38  Drone  
  69  4:40  Drone  
  69  4:41  Drone  
  69  4:44  Overseer  
  69  4:52  Drone x2  
  67  4:54  Drone x3  
  67  4:57  Drone  
  71  5:01  Roach  
  71  5:03  Roach  
  71  5:05  Drone  
  76  5:09  Overlord  
  76  5:12  Overlord  
  76  5:15  Overlord  
  76  5:20  Roach x3, Extractor  
  81  5:24  Overlord  
  81  5:28  Overlord  
  81  5:29  Drone x2  
  81  5:31  Roach  
  81  5:32  Roach  
  87  5:37  Roach x2  
  87  5:39  Glial Reconstitution  
  91  5:43  Overlord  
  91  5:45  Roach  
  91  5:46  Zergling x2  
  91  5:49  Overlord  
  92  5:51  Roach  
  92  5:53  Drone  
  92  5:55  Overlord  
  95  5:58  Roach x2  
  99  6:04  Roach  
  99  6:05  Roach x2  
  99  6:07  Overlord  
  105  6:13  Roach x3  
  105  6:15  Roach  
  113  6:19  Zergling x6  
  113  6:24  Overlord  
  116  6:26  Roach x2  
  116  6:27  Roach  
  116  6:30  Roach x2  
  116  6:31  Zergling x2  
  127  6:35  Roach x2  
  127  6:38  Overlord  
  129  6:40  Roach  
  129  6:41  Roach  
  129  6:45  Roach x2  
  137  6:47  Roach  
  137  6:49  Zergling x2  
  137  6:53  Zergling x6  
  142  6:58  Roach, Overlord  
  142  6:59  Roach  
  142  7:00  Ravager  
  142  7:01  Ravager x2  
  148  7:06  Ravager  
  148  7:07  Zergling x4  
  151  7:09  Overlord  
  151  7:12  Roach x2  
  151  7:13  Roach  
  151  7:15  Overlord  
  157  7:22  Roach x4  
  161  7:23  Zergling x2  
  161  7:24  Zergling x2  
  161  7:27  Overlord  
  163  7:30  Ravager  
  163  7:34  Overseer  
  163  7:35  Zergling x6  
  167  7:39  Roach x3  
  167  7:40  Roach  
  167  7:42  Zergling x4  
  177  7:44  Zergling x2  
  177  7:47  Ravager  
  177  7:50  Zergling x10  
  183  7:55  Roach  
  183  7:56  Overlord  
  185  8:01  Roach  
  185  8:03  Ravager  
  168  8:07  Roach x2  
  168  8:10  Zergling x6  
  168  8:11  Zergling x2  
  168  8:12  Ravager  
Show
View Real Time Build Order
Export as new Build Order

Zest Protoss - Winner!

Build Orders: 1 Gate Expand, Archon Immortal, Archon Drop, Dark Templar Rush 

Get SALT Encoding   

  12  0:00  Probe  
  13  0:12  Probe  
  14  0:18  Pylon  
  14  0:23  Probe  
  15  0:29  Assimilator  
  15  0:32  Probe  
  15  0:40  Probe  
  16  0:47  Gateway  
  17  0:51  Probe  
  18  1:03  Probe  
  19  1:15  Probe  
  20  1:23  Nexus  
  20  1:34  Cybernetics Core  
  20  1:36  Probe  
  21  1:43  Assimilator  
  21  1:48  Probe  
  21  1:51  Pylon  
  22  2:00  Adept, Probe  
  23  2:11  Warp Gate  
  23  2:12  Probe  
  26  2:16  Twilight Council  
  26  2:24  Probe  
  27  2:32  Probe x2  
  29  2:38  Robotics Facility  
  29  2:40  Probe x2  
  30  2:50  Probe x2  
  31  2:56  Dark Shrine  
  33  3:05  Stalker  
  35  3:13  Warp Prism  
  35  3:14  Gateway  
  35  3:16  Gateway  
  35  3:21  Probe  
  38  3:28  Probe  
  38  3:31  Pylon  
  38  3:33  Probe  
  40  3:38  Assimilator  
  40  3:40  Assimilator  
  40  3:42  Observer, Probe  
  40  3:45  Probe  
  40  3:48  Pylon  
  42  3:55  Probe  
  44  3:57  Probe  
  44  3:59  Adept  
  47  4:07  Probe  
  47  4:09  Probe  
  49  4:19  Probe  
  49  4:21  Dark Templar  
  49  4:22  Probe  
  49  4:23  Dark Templar x2  
  57  4:33  Probe  
  57  4:34  Probe  
  59  4:42  Immortal  
  60  4:45  Probe  
  60  4:46  Probe  
  62  5:01  Pylon  
  62  5:02  Nexus  
  62  5:03  Archon  
  61  5:13  Gateway  
  61  5:14  Gateway  
  61  5:15  Forge  
  61  5:21  Shield Battery, Dark Templar x2  
  63  5:24  Pylon  
  63  5:26  Archon  
  65  5:31  Immortal  
  65  5:33  Probe x2  
  67  5:40  Protoss Ground Weapons Level 1  
  71  5:45  Probe x2  
  72  5:54  Sentry x3  
  72  5:56  Pylon  
  78  6:01  Charge, Pylon  
  78  6:02  Immortal  
  78  6:13  Probe x2  
  84  6:19  Shield Battery  
  84  6:20  Sentry x2  
  84  6:24  Pylon  
  88  6:30  Adept x3  
  88  6:46  Immortal  
  92  6:50  Stalker  
  94  7:01  Zealot  
  94  7:02  Zealot x3  
  94  7:04  Probe x3  
  105  7:15  Immortal  
  105  7:27  Probe x3  
  105  7:29  Pylon  
  112  7:33  Photon Cannon  
  112  7:34  Photon Cannon  
  112  7:37  Photon Cannon  
  112  7:40  Probe x2  
  114  7:50  Dark Templar  
  114  7:51  Dark Templar, Zealot x3  
  100  8:13  Zealot x3  
  97  8:29  Zealot  
  97  8:33  Zealot x2  
  95  8:34  Zealot x2  
Tags
 
Add a new tag
Caveats
  • Supply blocks, unpowered buildings, or Contaminate may cause inaccurate times.
  • Supply counts are checked every 10 seconds.